 Dungeon Crawl Stone Soup version 0.25-a0-577-ga4619f4 (webtiles) character file.

Game seed: 16564778877918048850, levelgen mode: deterministic

31 Faels the Skirmisher (level 3, -2/29 HPs)
             Began as a Demonspawn Fighter on Mar 2, 2020.
             Slain by a gnoll
             ... wielding a +0 halberd
              (7 damage)
             ... on level 2 of the Dungeon.
             The game lasted 00:02:02 (725 turns).

Faels the Skirmisher (Demonspawn Fighter)            Turns: 725, Time: 00:02:03

Health: -2/29      AC:  5    Str: 16    XL:     3   Next: 7%
Magic:  3/3        EV:  8    Int:  9    God:
Gold:   24         SH:  8    Dex: 13    Spells: 2/2 levels left

rFire    . . .     SeeInvis .   a - +0 long sword
rCold    . . .     Gourm    .   c - +0 kite shield
rNeg     . . .     Faith    .   o - +0 ring mail
rPois    .         Spirit   .   (no helmet)
rElec    .         Reflect  .   (no cloak)
rCorr    .         Harm     .   (no gloves)
MR       .....                  (no boots)
Stlth    +.........             (no amulet)
HPRegen  0.09/turn              (no ring)
MPRegen  0.08/turn              (no ring)

@: no status effects
A: demonic guardian 1
a: no special abilities


You were on level 2 of the Dungeon.
You were not hungry.

You visited 1 branch of the dungeon, and saw 2 of its levels.

You collected 24 gold pieces.

Inventory:

Hand Weapons
 a - a +0 long sword (weapon)
Missiles
 i - 4 boomerangs (quivered)
Armour
 b - a +0 scale mail
 c - a +0 kite shield (worn)
 o - a +0 ring mail (worn)
Jewellery
 n - an uncursed ring of stealth {unknown}
Scrolls
 g - 2 scrolls of teleportation {unknown}
Potions
 d - a potion of might
 e - a potion of cancellation {unknown}
 j - a potion of berserk rage {unknown}
 k - a potion of lignification {unknown}
 l - a potion of stabbing {unknown}
 m - a potion of magic {unknown}
Comestibles
 f - 5 rations
 h - 7 chunks of flesh


   Skills:
 + Level 3.3 Fighting
 * Level 2.6 Long Blades
 - Level 2.6 Armour
 + Level 1.0 Dodging
 - Level 2.6 Shields


You had 2 spell levels left.
You didn't know any spells.
Your spell library was empty.

Dungeon Overview and Level Annotations

Branches:
Dungeon (2/15)

Altars:


Innate Abilities, Weirdness & Mutations

A weak demonic guardian rushes to your aid.


Message History

Found a scroll labeled IRIMUE KIOMI.
The gnoll hits you from afar with a +0 halberd!
Your shadow imp closely misses the gnoll.
Your shadow imp gestures at the gnoll.
The gnoll writhes in agony!
The gnoll dies!
Your Dodging skill increases to level 1!
You have reached level 3!
Your experience leads to an increase in your attributes!
Increase (S)trength, (I)ntelligence, or (D)exterity?
You feel agile.
Your shadow imp hits the gnoll.
The gnoll closely misses your iron imp.
Your shadow imp hits the gnoll.
Your iron imp barely misses the gnoll.
Your shadow imp hits the gnoll.
The gnoll hits you from afar with a +0 halberd!
* * * LOW HITPOINT WARNING * * *
Your iron imp hits the gnoll.
Your shadow imp hits the gnoll.
The gnoll hits you from afar with a +0 halberd!
You die...

......(#########
##.....##.....##
.#..............##
...<.............#
.................#
........$.g÷.....#
..........55)....#
...........g.....#
#...$........@.).#
#..............<##
#........#.....##
..#####.####### ..
#.#


You could see 2 gnolls, a friendly iron imp and a friendly shadow imp.

Vanquished Creatures
  An adder (D:2)
  A leopard gecko (D:1)
  3 goblins (D:1)
  A hobgoblin (D:2)
  2 jackals (D:1)
  2 bats (D:1)
  2 frilled lizards (D:1)
  5 kobolds
  A rat (D:1)
18 creatures vanquished.

Vanquished Creatures (collateral kills)
  A gnoll (D:2)
1 creature vanquished.

Grand Total: 19 creatures vanquished

Notes
Turn   | Place    | Note
-------+----------+-------------------------------------------
     0 | D:1      | Faels the Demonspawn Fighter began the quest for the Orb.
     0 | D:1      | Reached XP level 1. HP: 18/18 MP: 1/1
   170 | D:1      | Gained mutation: A weak demonic guardian rushes to your
                  | aid. [demonic ancestry]
   170 | D:1      | Reached XP level 2. HP: 24/24 MP: 2/2
   719 | D:2      | Reached skill level 1 in Dodging
   719 | D:2      | Reached XP level 3. HP: 18/29 MP: 3/3
   725 | D:2      | Slain by a gnoll

Levels and vault maps discovered:
D:1:      dpeg_arrival_lava_temple_mockup, layout_rooms
D:2:      layout_rooms, lemuel_doored_altar, hex_tiny

Skill      XL: |  1  2 |
---------------+-------+-----
Long Blades    | 2 |  2.6
Dodging        | 1 |  1.0
Fighting       | |  3.3
Armour         | |  2.6
Shields        | |  2.6

Action                   || total
-------------------------++-------
Melee: Long sword        ||    58
Armor: Scale mail        ||    37
       Ring mail         ||     4
Dodge: Dodged            ||    24
Block: Kite shield       ||    30
       Rpst.: Long sword ||     8

Table legend:
 A = Non-vault XP
 B = Vault XP
 C = Vault XP percentage of total XP
 D = Non-vault monster count
 E = Vault monster count
 F = Vault count percentage of total count
                 A         B        C        D         E       F
            +---------+---------+-------+---------+---------+-------
      Total |      45 |       0 |   0.0 |      19 |       0 |   0.0
            +---------+---------+-------+---------+---------+-------
        D:1 |      22 |       0 |   0.0 |      15 |       0 |   0.0
        D:2 |      23 |       0 |   0.0 |       4 |       0 |   0.0
            +---------+---------+-------+---------+---------+-------
